 Dungeon Crawl Stone Soup version 0.17-a0-802-g1f09329 (webtiles) character file.

54 RobertPalmer the Bolt Thrower (level 4, -1/26 HPs)
             Began as a Kobold Hunter on Apr 27, 2015.
             Slain by a giant frog (4 damage)
             ... on level 2 of the Dungeon.
             The game lasted 00:03:47 (1948 turns).

RobertPalmer the Bolt Thrower (Kobold Hunter)       Turns: 1948, Time: 00:03:47

Health: -1/26      AC:  3    Str: 10    XL:     4   Next: 12%
Magic:  4/4        EV: 14    Int: 10    God:
Gold:   69         SH:  0    Dex: 16    Spells: 0 memorised, 3 levels left

rFire  . . .     SeeInvis .     a - +0 dagger (speed)
rCold  . . .     Clarity  .     d - +0 leather armour
rNeg   . . .     SustAb   .     (shield restricted)
rPois  .         Gourm    .     (no helmet)
rElec  .         Spirit   .     (no cloak)
rCorr  .         Warding  .     (no gloves)
rMut   .         Stasis   .     (no boots)
MR     .....                    (no amulet)
Stlth  ++........               (no ring)
                                (no ring)

@: not resistant to hostile enchantments, unstealthy
A: carnivore 3
a: no special abilities


You were on level 2 of the Dungeon.
You were very full.

You visited 1 branch of the dungeon, and saw 2 of its levels.

You collected 69 gold pieces.

Inventory:

Hand weapons
 a - a +0 dagger of speed (weapon)
   (You took it off a goblin on level 2 of the Dungeon)
 b - a +1 hand crossbow
Missiles
 c - 20 bolts
Armour
 d - a +0 leather armour (worn)
Potions
 e - a potion of cancellation {unknown}
 g - a potion of agility {unknown}
Comestibles
 f - a beef jerky


   Skills:
 - Level 2.1 Fighting
 + Level 4.4 Short Blades
 - Level 4.8 Crossbows
 - Level 2.4 Dodging
 - Level 1.3 Stealth


You had 3 spell levels left.
You didn't know any spells.

Dungeon Overview and Level Annotations

Branches:
Dungeon (2/15)

Altars:
The Shining One


Innate Abilities, Weirdness & Mutations

You are small and have problems with some larger weapons.
You are carnivorous and can eat meat at any time.


Message History

You completely miss the jackal. You closely miss the jackal.
The jackal barely misses you.
You barely miss the jackal. The jackal bites you.
You take 2 damage, and have 16/21 hp.
You barely miss the jackal.
The jackal bites you but does no damage.
You hit the jackal. You closely miss the jackal. The jackal closely misses you.
You hit the jackal. The jackal bites you.
You take 2 damage, and have 14/21 hp.
You closely miss the jackal. You hit the jackal. The jackal misses you.
You hit the jackal but do no damage. The jackal misses you.
You hit the jackal. The jackal bites you.
You take 1 damage, and have 13/21 hp.
You hit the jackal.
The jackal bites you but does no damage.
You hit the jackal.
You kill the jackal!
You have reached level 4!
You regained 3 hp, and now have 16/26 hp.
MP restored: 4 You are alive.
Your movement speed is average.
Your attack speed is quite fast.
You are not resistant to hostile enchantments.
You feel unstealthy. The jackal barely misses you.
You hit the jackal. The jackal misses you.
You hit the jackal. You closely miss the jackal. The jackal barely misses you.
You hit the jackal. The jackal misses you.
You hit the jackal but do no damage. You hit the jackal but do no damage.
The jackal bites you but does no damage.
You hit the jackal.
You kill the jackal!
The jackal barks!
b - a +1 hand crossbow (weapon)
Aim: a worm You shoot a bolt.
The bolt hits the worm.
Aim: a worm (moderately wounded)
You shoot a bolt. The bolt hits the worm!
You kill the worm!
Aim: a jackal You shoot a bolt.
The bolt hits the jackal!
You kill the jackal!
No target in view!
Your hands tingle!
a - a +0 dagger of speed (weapon)
You spend a moment contemplating the meaning of life.
You spend a moment contemplating the meaning of life.
You spend a moment contemplating the meaning of life.
c - 18 bolts (gained 1)
c - 19 bolts (gained 1)
You see here a worm corpse.
c - 20 bolts (gained 1)
You start resting.
Health restored: 26 Unknown command.
Found a stone staircase leading down.
Things that are here:
a jackal corpse x2
A giant frog comes into view.
A giant frog is nearby!
A giant frog is nearby!
A giant frog is nearby!
The giant frog gives a loud, deep croak!
You hear a shout!
A kobold comes into view.
You hit the giant frog. The giant frog hits you.
You take 2 damage, and have 24/26 hp.
You hit the giant frog. The giant frog hits you.
You take 2 damage, and have 22/26 hp.
You hit the giant frog. The giant frog barely misses you.
You hit the giant frog. The giant frog completely misses you.
You hit the giant frog. The giant frog barely misses you.
You hit the giant frog but do no damage.
The giant frog completely misses you. The giant frog misses you.
Things that are here:
a jackal corpse x2
You hit the giant frog. The giant frog hits you.
You take 3 damage, and have 19/26 hp.
You barely miss the giant frog. The giant frog hits you.
You take 3 damage, and have 16/26 hp.
You miss the giant frog. The giant frog hits you.
You take 3 damage, and have 13/26 hp.
You hit the giant frog. You closely miss the giant frog.
The giant frog misses you.
You closely miss the giant frog. The giant frog hits you.
* * * LOW HITPOINT WARNING * * *
You take 6 damage, and have 7/26 hp.
MASSIVE DAMAGE!!
You hit the giant frog. The giant frog hits you.
* * * LOW HITPOINT WARNING * * *
You take 4 damage, and have 3/26 hp.
You hit the giant frog. You barely miss the giant frog.
The giant frog completely misses you.
Unknown command.
You barely miss the giant frog. The giant frog hits you.
You die...

... #..... ....... ###.# #.#
#.##....# #.#.# #.# .......#
....### #.# ##...########
......###.####.............
...........................
#.#.............K##########
#.#######.####.#F# #.#######.#
#.#@# #.........####.#.#
.................###############
#######.#.......†............>.#
.######<#..#####.####.########.#
.................# #.# #.#
.#########.#####.# #.# #.# .#
#.##....# #.# #.# .# #.##.####
#.# #.#


You could see a giant frog and a kobold.

Vanquished Creatures
  An adder (D:2)
  A worm (D:2)
  2 giant geckos (D:1)
  4 bats (D:1)
  A giant cockroach (D:2)
  6 goblins
  7 hobgoblins
  5 jackals
  4 kobolds
  A quokka (D:2)
  3 giant newts (D:1)
  4 rats
39 creatures vanquished.

Notes
Turn   | Place    | Note
--------------------------------------------------------------
     0 | D:1      | RobertPalmer, the Kobold Hunter, began the quest for the Orb.
     0 | D:1      | Reached XP level 1. HP: 12/12 MP: 1/1
    28 | D:1      | HP: 3/12 [kobold/dagger (2)]
   382 | D:1      | Reached skill level 1 in Short Blades
   558 | D:1      | Found a glowing golden altar of the Shining One.
   578 | D:1      | Reached skill level 2 in Short Blades
   578 | D:1      | Reached XP level 2. HP: 14/17 MP: 2/2
   746 | D:1      | Reached skill level 3 in Short Blades
   990 | D:1      | Reached XP level 3. HP: 19/21 MP: 3/3
  1339 | D:2      | Reached skill level 4 in Short Blades
  1347 | D:2      | HP: 5/21 [poisoned by an adder]
  1355 | D:2      | HP: 4/21 [poisoned by an adder]
  1766 | D:2      | Reached XP level 4. HP: 16/26 MP: 4/4
  1928 | D:2      | Noticed a giant frog
  1945 | D:2      | HP: 3/26 [giant frog (4)]
  1948 | D:2      | Slain by a giant frog

Action                   |  1- 3 |  4- 6 || total
-------------------------+-------+-------++-------
Melee: Short sword       |   127 |       ||   127
       Dagger            |    33 |    23 ||    56
 Fire: Hand crossbow     |     3 |     3 ||     6
  Eat: Chunk             |     8 |       ||     8
       Meat ration       |     1 |       ||     1

Vault maps used:
D:1:      co_arrival_random_square_maze, tso_metal_star
D:2:      nicolae_overflow_crystal_walls, serial_park_tiny_pond, bloody_trog

Table legend:
 A = Turns spent in this place as a percentage of turns spent in the entire game.
 B = Non-inter-level travel turns spent in this place as a percentage of non-inter-level travel turns spent in the entire game.
 C = Inter-level travel turns spent in this place as a percentage of turns spent in this place.
 D = Turns resting spent in this place as a percentage of non-inter-level travel turns spent in this place.
 E = Turns spent auto-exploring this place as a percentage of non-inter-level travel turns spent in this place.
 F = Non-inter-level travel turns spent in this place divided by the number of levels of this place that you've seen.
                   A       B       C       D       E      F
               +-------+-------+-------+-------+-------+----------------------
         Total | 100.0 | 100.0 |   0.2 |   2.2 |   7.4 | 271.5
       Dungeon | 100.0 | 100.0 |   0.2 |   2.2 |   7.4 | 271.5
               +-------+-------+-------+-------+-------+----------------------

Table legend:
 A = Kills in this place as a percentage of kills in entire the game.
 B = Kills by you in this place as a percentage of kills by you in the entire game.
 C = Kills by friends in this place as a percentage of kills by friends in the entire game.
 D = Other kills in this place as a percentage of other kills in the entire game.
 E = Experience gained in this place as a percentage of experience gained in the entire game.
 F = Experience gained in this place divided by the number of levels of this place that you have seen.
                   A       B       C       D       E      F
               +-------+-------+-------+-------+-------+----------------------
         Total | 100.0 | 100.0 |  -nan |  -nan | 100.0 |  39.0
       Dungeon | 100.0 | 100.0 |  -nan |  -nan | 100.0 |  39.0
               +-------+-------+-------+-------+-------+----------------------
